 Dungeon Crawl Stone Soup version 0.20.1-1-g8b1a95d (webtiles) character file.

107 vineage the Skirmisher (level 4, 0/40 HPs)
             Began as a Draconian Berserker on July 23, 2017.
             Was a Follower of Jiyva.
             Slain by a polar bear (2 damage)
             ... created by the rage of Trog
             ... on level 3 of the Dungeon.
             The game lasted 00:06:55 (2455 turns).

vineage the Skirmisher (Draconian Berserker)        Turns: 2455, Time: 00:06:56

Health: 0/40       AC:  5    Str: 17 (19) XL:     4   Next: 56%
Magic:  4/4        EV: 13    Int:  8      God:    Jiyva [*.....]
Gold:   130        SH:  0    Dex: 10 (11) Spells: 3/3 levels left

rFire    . . .     SeeInvis .   a - +1 hand axe
rCold    . . .     Gourm    .   (no shield)
rNeg     . . .     Faith    .   (armour unavailable)
rPois    .         Spirit   .   (helmet restricted)
rElec    .         Reflect  .   (no cloak)
rCorr    .         Harm     .   (no gloves)
MR       .....                  (no boots)
Stlth    +.........             (no amulet)
Regen    0.2/turn               (no ring)
MPRegen  0.1/turn               (no ring)

@: no status effects
A: unfitting armour, cold-blooded, AC +5
a: Request Jelly, Renounce Religion


You were on level 3 of the Dungeon.
You worshipped Jiyva.
Jiyva was aware of your devotion.
You were not hungry.

You visited 1 branch of the dungeon, and saw 3 of its levels.

You collected 130 gold pieces.

Inventory:

Hand Weapons
 a - a +1 hand axe (weapon)
 l - a cursed -3 hand axe
Jewellery
 i - an uncursed ring of magical power
Scrolls
 d - a scroll of identify
 f - 2 scrolls of teleportation
 h - a scroll of enchant armour
Potions
 e - a potion of agility
Comestibles
 b - 2 bread rations
 c - a fruit
 g - a meat ration


   Skills:
 + Level 4.0 Fighting
 + Level 3.9 Axes
 + Level 3.7 Dodging
 + Level 0.2 Stealth


You had 3 spell levels left.
You didn't know any spells.

Dungeon Overview and Level Annotations

Branches:
Dungeon (3/15)

Altars:
Zin
The Shining One
Jiyva


Innate Abilities, Weirdness & Mutations

Your plain brown scales are hard. (AC +5)
You cannot fit into any form of body armour.
You are cold-blooded and may be slowed by cold attacks.


Message History

The polar bear bites you. The polar bear claws you. x2
You hear a shout! x3
You hit the polar bear.
The polar bear is lightly wounded.
You hit the black bear. x2; The black bear barely misses you.
The black bear claws you. The black bear barely misses you.
The polar bear barely misses you.
The polar bear claws you but does no damage. x2
The black bear bites you. The black bear claws you.
* * * LOW HITPOINT WARNING * * *
The black bear misses you. The black bear bites you.
* * * LOW HITPOINT WARNING * * *
The black bear claws you but does no damage.
The black bear claws you.
* * * LOW HITPOINT WARNING * * *
The black bear bites you.
* * * LOW HITPOINT WARNING * * *
The black bear closely misses you. The black bear barely misses you.
The polar bear closely misses you. The polar bear claws you.
You die...

*#.##............#
###############..#............#
##.............#..#............#
.......#######.#..#............#
##.###.# #.#...(...........#
#.#<#.# #.#...............#
#.#.#.# #.#...............#
#.#.#.# #.#h#.............#
#.#.#.# #hh@h.............#
#.#.#.# ####h....####.#####
#.#.#.# #...J.# #.# ## #.#.#.#
#.....# #.# #.
#.#.#.##########.....# #.# #.
#...............##.### ##.## #.
####............##..# #...# #.
#............###.## #...# ##
##.########### #..# #...# #


You could see 2 polar bears, 3 black bears and a neutral jelly (fellow slime).

Vanquished Creatures
  An orc priest (D:3)
  An adder (D:2)
  2 dart slugs
  2 leopard geckos
  8 orcs (D:3)
  8 bats
  8 hobgoblins
  8 kobolds
  A quokka (D:3)
  A ball python (D:2)
  4 frilled lizards (D:2)
  7 goblins
  2 rats
53 creatures vanquished.

Notes
Turn   | Place    | Note
-------+----------+-------------------------------------------
     0 | D:1      | vineage the Draconian Berserker began the quest for the Orb.
     0 | D:1      | Reached XP level 1. HP: 19/19 MP: 1/1
   350 | D:1      | Reached XP level 2. HP: 23/26 MP: 2/2
  1313 | D:2      | Reached XP level 3. HP: 26/31 MP: 3/3
  1560 | D:2      | Found a glowing golden altar of the Shining One.
  1562 | D:2      | Found a glowing silver altar of Zin.
  1683 | D:3      | Reached ** piety under Trog
  1761 | D:3      | Reached XP level 4. HP: 22/40 MP: 4/4
  2089 | D:3      | Found a faded altar of an unknown god.
  2101 | D:3      | Fell from the grace of Trog
  2101 | D:3      | Became a worshipper of Jiyva Jalicoh the Shapeless
  2101 | D:3      | Reached * piety under Jiyva
  2355 | D:3      | Reached skill level 4 in Fighting
  2453 | D:3      | Noticed a black bear
  2453 | D:3      | Noticed a black bear
  2453 | D:3      | Noticed a polar bear
  2453 | D:3      | Noticed a black bear
  2453 | D:3      | Noticed a polar bear
  2455 | D:3      | HP: 2/40 [black bear[the rage of Trog] (2)]
  2455 | D:3      | Slain by a polar bear

Skill      XL: |  1  2  3  4 |
---------------+-------------+-----
Dodging        | 3 |  3.7
Fighting       | 4 |  4.0
Axes           | |  3.9
Stealth        | |  0.2

Action                   |  1- 3 |  4- 6 || total
-------------------------+-------+-------++-------
Melee: Hand axe          |   102 |    55 ||   157
       Tailslap          |     9 |     6 ||    15
  Use: Potion            |     5 |     3 ||     8
       Scroll            |     4 |     5 ||     9
 Stab: Sleeping          |     1 |       ||     1
  Eat: Chunk             |     2 |     1 ||     3
       Bread ration      |       |     1 ||     1
       Fruit             |       |     1 ||     1
Armor: Skin              |    62 |    10 ||    72
Dodge: Dodged            |   138 |    62 ||   200
